 Dungeon Crawl Stone Soup version 0.19-a0-1740-g0bcaf2e (webtiles) character file.

109232 Alarkh the Fencer (level 16, -1/122 HPs)
             Began as a Mummy Necromancer on Oct 1, 2016.
             Was the Champion of Okawaru.
             Killed by divine providence
             ... invoked by a meliai
              (11 damage)
             ... on level 15 of the Dungeon.
             The game lasted 01:15:09 (30508 turns).

Alarkh the Fencer (Mummy Necromancer)              Turns: 30508, Time: 01:15:10

Health: -1/122     AC: 30    Str: 12      XL:     16   Next: 4%
Magic:  19/28      EV: 16    Int: 20 (21) God:    Okawaru [******]
Gold:   321        SH:  0    Dex: 15      Spells: 6 memorised, 17 levels left

rFire  + . .     SeeInvis +     a - +9 great sword (flame)
rCold  + . .     Gourm    .     t - +1 ring mail of the Journeyman {*Contam rF+ rN++ Regen+}
rNeg   + + +     Faith    .     (shield currently unavailable)
rPois  ∞         Spirit   .     P - +2 helmet {SInv}
rElec  .         Dismiss  .     B - +4 cloak "Ykhoinar" {rF+}
rCorr  .         Reflect  .     K - +2 pair of gloves {Dex+3}
MR     ++...     Harm     .     A - +0 pair of boots
Stlth  +.........               (no amulet)
                                p - +3 ring of protection
                                s - +6 ring of protection

@: very slightly contaminated
A: no food or potions, fire vulnerability, cold resistance 1, negative energy
resistance 3, torment resistance, unbreathing, in touch with death 1
a: Heroism, Finesse, Renounce Religion


You were on level 15 of the Dungeon.
You worshipped Okawaru.
Okawaru was exalted by your worship.
You were not hungry.

You visited 4 branches of the dungeon, and saw 24 of its levels.
You also visited: Volcano.

You collected 2478 gold pieces.
You spent 2157 gold pieces at shops.

Inventory:

Hand Weapons
 a - a +9 great sword of flaming (weapon)
 b - the +10 long sword "Hemobb" {antimagic, rElec Dex+5}
   (You found it on level 3 of the Lair of Beasts)

   It reduces the magical energy of the wielder, and disrupts the spells and
   magical abilities of those hit.
   Natural abilities and divine invocations are not affected.
   It affects your dexterity (+5).
   It insulates you from electricity.
 o - a +4 scimitar of flaming
Armour
 g - a +0 large shield
 k - a +2 pair of gloves of archery
 t - the +1 ring mail of the Journeyman (worn) {*Contam rF+ rN++ Regen+}
   (You bought it in a shop on level 2 of the Orcish Mines)

   It protects you from fire.
   It greatly protects you from negative energy.
   It causes magical contamination when unequipped.
   It increases your rate of regeneration.
 A - a +0 pair of boots (worn)
 B - the +4 cloak "Ykhoinar" (worn) {rF+}
   (Okawaru gifted it to you on level 5 of the Lair of Beasts)

   It protects you from fire.
 K - a +2 pair of gloves of dexterity (worn)
 P - a +2 helmet of see invisible (worn)
Jewellery
 f - an uncursed ring of flight
 i - an uncursed ring of magical power
 p - a +3 ring of protection (right hand)
 s - a +6 ring of protection (left hand)
 N - an uncursed ring of stealth
Wands
 d - a wand of disintegration (15/24)
 l - a wand of lightning (5/15)
 n - a wand of disintegration (17/24)
 v - a wand of digging (10/24)
 H - a wand of teleportation (3/9)
 M - a wand of acid (9/15)
 R - a wand of paralysis (3/24)
 X - a wand of paralysis (9/24)
 Z - a wand of teleportation (3/9)
Scrolls
 e - a scroll of identify
 h - 2 scrolls of remove curse
 m - a scroll of blinking
 q - 3 scrolls of recharging
 r - 2 scrolls of magic mapping
 x - 2 scrolls of torment
 D - 4 scrolls of fog
 F - a scroll of teleportation
 G - a scroll of silence
 J - a scroll of summoning {unknown}
Miscellaneous
 c - a phantom mirror


   Skills:
 - Level 10.0 Fighting
 * Level 15.6 Long Blades
 - Level 9.0 Armour
 - Level 9.0 Dodging
 - Level 1.5 Stealth
 + Level 3.5 Shields
 + Level 8.5 Spellcasting
 + Level 6.1 Charms
 - Level 7.0 Necromancy


You had 17 spell levels left.
You knew the following spells:

 Your Spells              Type           Power        Failure   Level  Hunger
a - Vampiric Draining     Necr           ######....   2%          3    N/A
b - Blink                 Tloc           N/A          24%         2    N/A
c - Spectral Weapon       Hex/Chrm       ###.....     14%         3    N/A
d - Repel Missiles        Chrm/Air       ###...       10%         2    N/A
e - Pain                  Necr           ####         1%          1    N/A
f - Control Undead        Necr           ######....   10%         4    N/A

Dungeon Overview and Level Annotations

Branches:
Dungeon (15/15)            Temple (1/1) D:6            Lair (6/6) D:8
 Shoals (0/4) Lair:3        Snake (0/4) Lair:3        Slime (0/5) Lair:5
    Orc (2/2) D:11            Elf (0/3) Orc:2        Vaults (0/5) D:13
 Depths (0/5) D:15

Altars:
Ashenzari
Cheibriados
Dithmenos
Elyvilon
Fedhas
Gozag
Hepliaklqana
Kikubaaqudgha
Makhleb
Nemelex Xobeh
Okawaru
Qazlal
Ru
Sif Muna
Trog
Uskayaw
Vehumet
Xom
Yredelemnul
Zin
The Shining One
Beogh

Shops:
D:4 (   Orc:1 [   Orc:2 ([[

Portals:
Hell: Lair:6


Innate Abilities, Weirdness & Mutations

You do not eat or drink.
Your flesh is vulnerable to fire.
You are immune to poison.
Your flesh is cold resistant. (rC+)
You are immune to negative energy. (rN+++)
You are immune to unholy pain and torment.
You can survive without breathing.
You are in touch with the powers of death.


Message History

Casting: Vampiric Draining
Confirm with . or Enter, or press ? or * to list all spells.
Aiming: Vampiric Draining
Press: ? - help, Shift-Dir - straight line, f/p - meliai
Aim: a meliai, wielding a hand axe and wearing a leather armour (severely wounded)
You feel a surge of power!
You miscast Vampiric Draining.
You are very lightly contaminated with residual magic.
Your bones ache.
The meliai closely misses you. The meliai misses you.
The meliai mumbles some strange prayers to its god against you.
Something smites you!
* * * LOW HITPOINT WARNING * * *
The meliai mumbles some strange prayers to its god against you.
Something smites you!
* * * LOW HITPOINT WARNING * * *
As you read the scroll of fear, it crumbles to dust.
You assume a fearsome visage.
The meliai looks frightened! x3
Cornered, the meliai turns to fight!
The meliai invokes the aid of its god against you.
Something smites you!
You die...

§≈#≈..............
≈≈≈≈...#..........
.§§§...#..........
.§≈#.....#.#######
%§§≈..####....#
§≈≈≈..# #....#
≈≈#≈.. #....# ≈
#....#######.#
#....'.@y.y(y#
#....#########
#.#### ##


You could see 3 meliai.

Vanquished Creatures
  A fire giant (D:15)
  An orc warlord (Orc:2)
  Nessos (D:13)
  A dire elephant (Lair:6)
  The ghost of Amnesiac the Geomancer, a journeyman DDEE of Ashenzari (D:12)
  10 hydras
  A hell beast (Lair:6)
  2 catoblepae
  An ogre mage (D:15)
  4 centaur warriors
  6 death yaks (Lair:6)
  Urug (D:13)
  A queen ant (Lair:2)
  3 orc high priests (Orc:2)
  A fire crab (Volcano)
  4 unseen horrors
  Pikel (D:4)
  3 orc knights
  A wizard (Lair:6)
  A harpy (shapeshifter) (D:15)
  5 hill giants
  2 orc sorcerers
  2 deep elf magi
  4 cyclopes
  11 ugly things
  11 oklob plants (Lair:4)
  2 manticores
  A toenail golem (Volcano)
  7 elephants
  5 black mambas
  2 molten gargoyles (Volcano)
  A gargoyle (D:10)
  4 centaur skeletons
  An orange demon (Lair:6)
  The ghost of aronpayne the Skirmisher, a novice HuFi (D:4)
  15 spiny frogs
  7 komodo dragons
  An efreet (D:14)
  6 rime drakes
  5 ice devils (Lair:6)
  A hellwing (Lair:6)
  A redback zombie (D:14)
  A red devil (Lair:6)
  3 trolls
  A meliai (shapeshifter) (D:13)
  A polar bear (Lair:3)
  A queen bee (shapeshifter) (D:15)
  2 two-headed ogres
  27 blink frogs
  A hornet zombie (D:15)
  18 hippogriffs
  6 slime creatures
  8 redbacks
  53 yaks
  A spriggan (Lair:3)
  9 wyverns
  A shadow (D:14)
  2 fire elementals (Volcano)
  16 humans
  9 basilisks
  2 fire bats (Volcano)
  A steam dragon (D:11)
  A hungry ghost (D:10)
  3 vampire mosquitoes (D:14)
  A mottled dragon (D:12)
  2 wargs
  2 nagas (Lair:3)
  Menkaure (D:5)
  7 soldier ants
  14 water moccasins
  Duvessa (D:5)
  4 hell hounds
  11 porcupines
  3 sky beasts
  A wasp (D:13)
  2 ice beasts
  46 orc warriors
  2 black bears
  2 necrophages
  22 ogres
  5 phantoms
  9 wolves
  12 centaurs
  12 crocodiles
  5 big kobolds
  Blork the orc (D:5)
  19 bullfrogs
  A wyvern zombie (D:7)
  A gnoll sergeant (Lair:1)
  Dowan (D:5)
  7 scorpions
  9 killer bees
  12 wights
  An electric eel (D:9)
  6 howler monkeys
  2 wasp zombies
  11 crimson imps
  5 jellies
  2 lava snakes
  A quasit (D:11)
  27 orc priests
  5 hounds
  34 orc wizards
  A bullfrog skeleton (D:4)
  35 worker ants
  17 iguanas
  A hound skeleton (D:5)
  A worker ant zombie (D:9)
  A howler monkey skeleton (D:6)
  7 adders
  6 gnolls (D:4)
  31 river rats
  7 shadow imps
  2 oozes
  2 adder zombies
  An adder skeleton (D:8)
  4 worms
  4 dart slugs
  8 leopard geckos
  130 orcs
  7 bats
  12 giant cockroaches
  6 goblins
  12 hobgoblins
  6 jackals
  22 kobolds
  5 quokkas
  8 frilled lizards
  9 rats
  5 plants (Lair:4)
966 creatures vanquished.

Vanquished Creatures (collateral kills)
  An orc (D:9)
1 creature vanquished.

Vanquished Creatures (others)
  A slave (D:5)
  An orc warrior (D:13)
  An orc (D:15)
  2 bushes
  26 fungi
  15 plants
46 creatures vanquished.

Grand Total: 1013 creatures vanquished

Notes
Turn   | Place    | Note
-------+----------+-------------------------------------------
     0 | D:1      | Alarkh the Mummy Necromancer began the quest for the Orb.
     0 | D:1      | Reached XP level 1. HP: 13/13 MP: 3/3
   174 | D:1      | Reached XP level 2. HP: 19/19 MP: 0/5
   780 | D:2      | Reached XP level 3. HP: 24/24 MP: 3/6
   809 | D:2      | Found a snail-covered altar of Cheibriados.
   856 | D:2      | Learned a level 3 spell: Vampiric Draining
  1438 | D:2      | Reached XP level 4. HP: 22/30 MP: 5/8
  1594 | D:3      | Reached skill level 5 in Necromancy
  2265 | D:3      | Reached XP level 5. HP: 35/35 MP: 6/10
  2433 | D:4      | Noticed an ogre
  2538 | D:4      | Noticed aronpayne's ghost (novice HuFi)
  2616 | D:4      | Found Tyidilan's Antique Weapon Shoppe.
  2762 | D:4      | Bought a runed scimitar for 124 gold pieces
  2869 | D:5      | Entered Level 5 of the Dungeon
  2869 | D:5      | Found a burning altar of Makhleb.
  2919 | D:5      | Noticed Menkaure
  2919 | D:5      | Noticed Blork the orc
  2925 | D:5      | Noticed a centaur
  2925 | D:5      | Noticed a phantom
  3118 | D:5      | Noticed Dowan
  3128 | D:5      | Noticed a phantom
  3133 | D:6      | Found a staircase to the Ecumenical Temple.
  3141 | Temple   | Entered the Ecumenical Temple
  3144 | Temple   | Reached XP level 6. HP: 23/41 MP: 6/12
  3360 | Temple   | Became a worshipper of Warmaster Okawaru
  3621 | D:6      | Reached skill level 5 in Spellcasting
  3621 | D:6      | Reached XP level 7. HP: 41/46 MP: 1/14
  3748 | D:6      | Reached * piety under Okawaru
  3813 | D:6      | Learned a level 2 spell: Repel Missiles
  3818 | D:6      | Learned a level 4 spell: Control Undead
  3821 | D:6      | Learned a level 2 spell: Blink
  4054 | D:6      | Found a burning altar of Makhleb.
  4054 | D:6      | Found a bloodstained altar of Trog.
  4063 | D:6      | Found a basalt altar of Yredelemnul.
  4160 | D:6      | Found a sacrificial altar of Ru.
  4742 | D:7      | Reached skill level 1 in Long Blades
  5109 | D:5      | Reached skill level 2 in Long Blades
  5120 | D:5      | Noticed Pikel
  5299 | D:4      | Reached skill level 3 in Long Blades
  5299 | D:4      | Reached XP level 8. HP: 37/52 MP: 3/16
  5391 | D:4      | Killed aronpayne's ghost
  5391 | D:4      | Reached ** piety under Okawaru
  5391 | D:4      | Reached skill level 4 in Long Blades
  5555 | D:4      | Reached skill level 5 in Long Blades
  5604 | D:4      | Killed Pikel
  5604 | D:4      | Reached *** piety under Okawaru
  5604 | D:4      | Reached skill level 6 in Long Blades
  6007 | D:5      | Killed Blork the orc
  6054 | D:5      | Killed Menkaure
  6054 | D:5      | Reached skill level 7 in Long Blades
  6054 | D:5      | Reached XP level 9. HP: 54/57 MP: 14/17
  6106 | D:5      | Noticed Duvessa
  6124 | D:5      | Killed Duvessa
  6130 | D:5      | Killed Dowan
  6468 | D:4      | Bought a runed falchion for 93 gold pieces
  6917 | D:7      | Reached skill level 8 in Long Blades
  7275 | D:7      | Found an opulent altar of Gozag.
  7299 | D:7      | Reached **** piety under Okawaru
  7322 | D:7      | Found a bloodstained altar of Trog.
  7429 | D:7      | Reached skill level 9 in Long Blades
  7448 | D:7      | Got an ichor-stained bardiche
  8097 | D:8      | Noticed an elephant
  8117 | D:8      | Killed an elephant
  8117 | D:8      | Reached ***** piety under Okawaru
  8117 | D:8      | Reached skill level 10 in Long Blades
  8117 | D:8      | Reached XP level 10. HP: 43/63 MP: 3/18
  8224 | D:8      | Found a staircase to the Lair.
  8433 | D:8      | Found a stormy altar of Qazlal.
  8473 | D:8      | Found a shimmering altar of Xom.
  8677 | D:4      | Bought a glowing falchion for 93 gold pieces
  8832 | D:9      | Reached skill level 1 in Fighting
  9019 | D:9      | Received a gift from Okawaru
  9064 | D:9      | Reached skill level 1 in Armour
  9369 | Lair:1   | Entered Level 1 of the Lair of Beasts
  9374 | Lair:1   | Noticed a black mamba
  9644 | Lair:1   | Noticed a spiny frog
  9659 | Lair:1   | Killed a spiny frog
  9866 | Lair:1   | Killed a black mamba
 10048 | D:9      | Found an iron altar of Okawaru.
 10167 | D:9      | Found a glowing silver altar of Zin.
 10341 | D:9      | Reached skill level 11 in Long Blades
 10346 | D:10     | Entered Level 10 of the Dungeon
 10685 | D:8      | Noticed a black mamba
 10694 | D:8      | Killed a black mamba
 10974 | D:9      | Received a gift from Okawaru
 10974 | D:9      | Reached XP level 11. HP: 20/75 MP: 0/19
 10977 | D:9      | Got a bloodstained cloak {god gift}
 10985 | D:9      | Identified the +2 cloak of the Mutiny {rF+} (Okawaru gifted it to you on level 9 of the Dungeon)
 11802 | D:10     | Noticed a hill giant
 11964 | D:10     | Killed a hill giant
 12112 | D:10     | Noticed a hill giant
 12128 | D:10     | Killed a hill giant
 12627 | D:10     | Noticed a centaur warrior
 12641 | D:10     | Killed a centaur warrior
 13043 | D:11     | Found a staircase to the Orcish Mines.
 13284 | D:11     | Noticed a white ugly thing
 13309 | D:10     | Killed a white ugly thing
 13489 | D:11     | Reached skill level 5 in Fighting
 14538 | D:11     | Noticed an unseen horror
 14543 | D:11     | Killed an unseen horror
 14661 | D:12     | Noticed a hill giant
 14726 | D:11     | Killed a hill giant
 14726 | D:11     | Reached skill level 12 in Long Blades
 14874 | D:11     | Received a gift from Okawaru
 14875 | D:11     | Got a pair of jewelled boots {god gift}
 14886 | D:11     | Identified the +0 pair of boots of Refuge {-Tele +Inv rElec SInv} (Okawaru gifted it to you on level 11 of the Dungeon)
 15178 | D:10     | Reached skill level 5 in Dodging
 15334 | Lair:1   | Noticed a seven-headed hydra
 15342 | Lair:1   | Killed a seven-headed hydra
 15342 | Lair:1   | Reached XP level 12. HP: 49/87 MP: 20/20
 15588 | Lair:1   | Reached skill level 5 in Armour
 16370 | Lair:2   | Noticed a catoblepas
 16556 | Lair:3   | Found a staircase to the Shoals.
 16668 | Lair:3   | Got a shimmering long sword
 17496 | Lair:3   | Identified the +10 long sword "Hemobb" {antimagic, rElec Dex+5} (You found it on level 3 of the Lair of Beasts)
 17592 | Lair:3   | Found a staircase to the Snake Pit.
 17781 | Lair:3   | Noticed a six-headed hydra
 17790 | Lair:3   | Killed a three-headed hydra
 18196 | Lair:2   | Noticed a queen ant
 18206 | Lair:2   | Received a gift from Okawaru
 18218 | Lair:2   | Killed a queen ant
 18225 | Lair:2   | Reached skill level 13 in Long Blades
 18391 | Lair:2   | Killed a catoblepas
 18391 | Lair:2   | Received a gift from Okawaru
 18721 | Lair:1   | Gained mutation: You are in touch with the powers of death. [Mummy growth]
 18721 | Lair:1   | Reached XP level 13. HP: 82/96 MP: 21/21
 18952 | D:9      | Reached ****** piety under Okawaru
 19987 | Lair:4   | Received a gift from Okawaru
 21616 | Lair:5   | Learned a level 3 spell: Spectral Weapon
 21762 | Lair:5   | Received a gift from Okawaru
 21763 | Lair:5   | Got a brightly glowing cloak {god gift}
 21774 | Lair:5   | Identified the +4 cloak "Ykhoinar" {rF+} (Okawaru gifted it to you on level 5 of the Lair of Beasts)
 21834 | Lair:5   | Reached skill level 1 in Charms
 21876 | Lair:5   | Reached skill level 14 in Long Blades
 21967 | Lair:5   | Reached XP level 14. HP: 87/106 MP: 11/23
 22077 | Lair:5   | Found a staircase to the Slime Pits.
 22141 | Lair:6   | Entered Level 6 of the Lair of Beasts
 22463 | Lair:6   | Received a gift from Okawaru
 22713 | Lair:6   | Identified the Handbook of Helpful Changing
 24225 | Lair:6   | Found a burning altar of Makhleb.
 24231 | Lair:6   | Found a gateway to Hell.
 25047 | D:12     | Received a gift from Okawaru
 25377 | D:12     | Noticed Amnesiac's ghost (journeyman DDEE)
 25620 | D:12     | Killed Amnesiac's ghost
 25803 | Orc:1    | Entered Level 1 of the Orcish Mines
 25948 | Orc:1    | Found Migoll's Antique Armour Shoppe.
 26062 | Orc:2    | Entered Level 2 of the Orcish Mines
 26109 | Orc:2    | Found a bloodstained altar of Trog.
 26139 | Orc:2    | Found a staircase to the Elven Halls.
 26148 | Orc:2    | Reached XP level 15. HP: 111/115 MP: 25/25
 26257 | Orc:2    | Found a dark tunnel.
 26263 | Volcano  | Entered a volcano
 26475 | Volcano  | Found a bloodstained altar of Trog.
 26824 | Orc:2    | Found a roughly hewn altar of Beogh.
 27072 | Orc:2    | Found a roughly hewn altar of Beogh.
 27153 | Orc:2    | Found a roughly hewn altar of Beogh.
 27181 | Orc:2    | Found Uwuuduh's Antique Weapon Shop.
 27191 | Orc:2    | Found a burning altar of Makhleb.
 27275 | Orc:2    | Found a roughly hewn altar of Beogh.
 27276 | Orc:2    | Found Nulaofukk's Armour Shoppe.
 27539 | Orc:2    | Found a roughly hewn altar of Beogh.
 27665 | Orc:2    | Received a gift from Okawaru
 27666 | Orc:2    | Got a pitted falchion {god gift}
 27703 | Orc:2    | Noticed an orc warlord
 27731 | Orc:2    | Killed an orc warlord
 27755 | Orc:2    | Found Soduiqirph's Antique Weapon Boutique.
 27762 | Orc:2    | Reached skill level 10 in Fighting
 27763 | Orc:2    | Found a roughly hewn altar of Beogh.
 27770 | Orc:2    | Found Fyotot's Antique Armour Shop.
 27785 | Orc:2    | Bought a steaming ring mail for 297 gold pieces
 27795 | Orc:2    | Identified the +4 ring mail of the Guilds {rN++ MR-} (You bought it in a shop on level 2 of the Orcish Mines)
 27873 | Orc:1    | Bought a smoking ring mail for 288 gold pieces
 27873 | Orc:1    | Bought a shiny helmet for 144 gold pieces
 27873 | Orc:1    | Bought a pair of boots for 144 gold pieces
 27873 | Orc:1    | Bought a smoking leather armour for 224 gold pieces
 27883 | Orc:1    | Identified the cursed +0 ring mail of Yzeususk {-Tele rN+ Int+8 Dex+3 Slay-3} (You bought it in a shop on level 1 of the Orcish Mines)
 27904 | Orc:1    | Identified the +1 leather armour of Dereryon {rPois rF+} (You bought it in a shop on level 1 of the Orcish Mines)
 27994 | Orc:2    | Bought the +1 ring mail of the Journeyman {*Contam rF+ rN++ Regen+} for 362 gold pieces
 28322 | Orc:2    | Bought the +2 helmet "Lophu" {MP+9 Int+4} for 388 gold pieces
 28467 | Lair:2   | Identified the +8 falchion "Lomossay" {slice, rF+ Str+3 Stlth+} (Okawaru gifted it to you on level 2 of the Orcish Mines)
 28860 | D:13     | Noticed Nessos
 28912 | D:13     | Killed Nessos
 28933 | D:13     | Reached skill level 1 in Shields
 28938 | D:13     | Reached skill level 15 in Long Blades
 28942 | D:13     | Noticed Urug
 28953 | D:13     | Killed Urug
 28953 | D:13     | Reached skill level 5 in Charms
 28973 | D:13     | Found a gate to the Vaults.
 29388 | D:13     | Received a gift from Okawaru
 30171 | D:15     | Entered Level 15 of the Dungeon
 30380 | D:15     | Reached XP level 16. HP: 110/122 MP: 21/28
 30458 | D:15     | Found a staircase to the Depths.
 30508 | D:15     | Killed from afar by a meliai

Vault maps used:
D:1:      tarquinn_simple_flora_water_e
D:2:      minmay_roachtagon, nicolae_overflow_hidden_temple, minmay_distorted
D:3:      minmay_diamond_boxcup
D:4:      first_bread, serial_shops, nicolae_shop_temple_entry_statues_fountains
D:5:      makhleb_heckhound_becter, uniq_menkaure, uniq_duvessa, uniq_pikel,
          uniq_blork_the_orc
D:6:      grunt_temple_overflow_open, nicolae_ru_the_path_less_chosen,
          minmay_fountain_box, minivault_19, minmay_misc_feat_pillars
D:7:      kennysheep_six_static_rooms, basic_altar, trog_butcher_becter
D:8:      xom_butterflies, nicolae_qazlal_general_emergency, david_lair_generic
D:9:      zin_statuary, special_room, blue_anna_alchemist, minivault_26,
          nicolae_lava_and_water, okawaru_metal_pillars_1_2
D:11:     david_orc_3
D:12:     spider_trap
D:13:     david_vaults_3
D:14:     minmay_misc_feat_room
D:15:     grunt_enter_depths_giant_problem, serial_park_square2,
          minmay_misc_feat_encased
Temple:   nicolae_temple_figure_eight
Lair:1:   hibernation_bobbens, lemuel_fruit_fields, infiniplex_staircase_pool
Lair:2:   zaba_antful_of_joy
Lair:3:   minmay_shoals_entry_beasts, minmay_snake_entry_guardpost_small,
          grunt_forest_stairs_clearing
Lair:4:   minmay_lair_oklob_tunnel, grunt_megastairs_2
Lair:5:   slime_dummy, special_room, lemuel_fruit_tree
Lair:6:   evil_forest, serial_bayou_shore_a
Orc:1:    serial_shops, nicolae_shop_trees
Orc:2:    grunt_orc_community_town_hall, grunt_orc_community_big_house_1,
          grunt_orc_community_big_house_1, grunt_orc_community_house_1,
          grunt_orc_community_house_2, grunt_orc_community_house_3,
          grunt_orc_community_house_1, grunt_orc_community_house_3,
          grunt_orc_community_house_1, nicolae_volcano_entry_s_turn,
          basic_altar, bloody_trog
Volcano:  volcano_lake

Skill      XL: |  1  2  3  4  5  6  7  8  9 10 11 12 13 14 15 |
---------------+----------------------------------------------+-----
Spellcasting   | 3 4 5 6 7 8 |  8.5
Necromancy     | 5 6 7 |  7.0
Long Blades    | 3 7 10 11 12 13 14 15 | 15.6
Fighting       | 3 5 7 8 9 10 | 10.0
Dodging        | 3 5 6 7 8 9 |  9.0
Armour         | 2 4 6 7 8 9 |  9.0
Charms         | 1 4 6 |  6.1
Shields        | 3 |  3.5
Stealth        | |  1.5

Action                   |  1- 3 |  4- 6 |  7- 9 | 10-12 | 13-15 | 16-18 || total
-------------------------+-------+-------+-------+-------+-------+-------++-------
Melee: Unarmed           |     7 |       |       |       |       |       ||     7
       Whip              |    59 |    23 |       |       |       |       ||    82
       Scimitar          |       |     3 |   254 |    37 |       |       ||   294
       Punch             |       |       |     2 |       |       |       ||     2
       Falchion          |       |       |    20 |  1190 |       |       ||  1210
       Great sword       |       |       |       |   187 |  1608 |    21 ||  1816
       Long sword        |       |       |       |       |     3 |       ||     3
 Cast: Pain              |    82 |    97 |   147 |   563 |     2 |       ||   891
       Vampiric Draining |       |     3 |    40 |   167 |   122 |     3 ||   335
       Blink             |       |       |     3 |       |       |       ||     3
       Control Undead    |       |       |     1 |     2 |       |       ||     3
Invok: Heroism           |       |       |     7 |     5 |    21 |       ||    33
       Finesse           |       |       |       |       |     3 |       ||     3
 Abil: Evoke Flight      |       |       |       |       |     1 |       ||     1
Evoke: Wand              |       |       |     3 |    21 |     1 |       ||    25
  Use: Scroll            |     3 |     6 |    10 |    13 |    11 |     1 ||    44
 Stab: Sleeping          |       |     1 |       |       |       |       ||     1
       Paralysed         |       |       |       |    41 |       |       ||    41
Armor: Robe              |     9 |       |       |       |       |       ||     9
       Leather armour    |    11 |    22 |    65 |       |       |       ||    98
       Ring mail         |       |       |    25 |   577 |   747 |    10 ||  1359
Dodge: Dodged            |    67 |    44 |   156 |   797 |  1031 |    15 ||  2110
